 Dungeon Crawl Stone Soup version 0.21.1-1-g345015f (webtiles) character file.

16 Krilegs the Ruffian (level 2, -2/26 HPs)
             Began as a Ghoul Monk on May 8, 2018.
             Slain by a gnoll
             ... wielding a +0 spear
              (6 damage)
             ... on level 1 of the Dungeon.
             The game lasted 00:01:52 (763 turns).

Krilegs the Ruffian (Ghoul Monk)                     Turns: 763, Time: 00:01:52

Health: -2/26      AC:  6    Str: 14    XL:     2   Next: 54%
Magic:  1/1        EV: 10    Int:  5    God:
Gold:   47         SH:  0    Dex: 11    Spells: 1/1 levels left

rFire    . . .     SeeInvis .     - Unarmed
rCold    + . .     Gourm    .   (no shield)
rNeg     + + +     Faith    .   m - +0 scale mail (curse)
rPois    ∞         Spirit   .   (no helmet)
rElec    .         Reflect  .   (no cloak)
rCorr    .         Harm     .   (no gloves)
MR       .....                  (no boots)
Stlth    +.........             (no amulet)
HPRegen  0.00/turn              (no ring)
MPRegen  0.07/turn              (no ring)

@: rotting
A: rotting body, claws 1, carnivore, cold resistance 1, negative energy
resistance 3, inhibited regeneration, torment resistance, unbreathing
a: no special abilities


You were on level 1 of the Dungeon.
You were not hungry.

You visited 1 branch of the dungeon, and saw 1 of its levels.

You collected 47 gold pieces.

Inventory:

Missiles
 i - 5 javelins (quivered)
Armour
 a - a +0 robe
 c - a +0 ring mail
 m - a cursed +0 scale mail (worn)
Scrolls
 d - a scroll of remove curse {unknown}
 e - a scroll of immolation {unknown}
 g - a scroll of amnesia {unknown}
 j - a scroll of identify {unknown}
 k - a scroll of fear {unknown}
Potions
 f - a potion of brilliance {unknown}
 h - a potion of haste {unknown}
 l - a potion of degeneration {unknown}
Comestibles
 b - a ration


   Skills:
 + Level 3.4 Fighting
 + Level 3.0 Dodging
 - Level 2.3 Stealth
 + Level 3.5 Unarmed Combat


You had one spell level left.
You didn't know any spells.

Dungeon Overview and Level Annotations

Branches:
Dungeon (1/15)

Altars:


Innate Abilities, Weirdness & Mutations

Your body is rotting away.
You thrive on raw meat.
You are immune to poison.
You have sharp fingernails.
You are carnivorous and can eat meat at any time.
Your flesh is cold resistant. (rC+)
You are immune to negative energy. (rN+++)
You do not regenerate when monsters are visible.
You are immune to unholy pain and torment.
You can survive without breathing.


Message History

There is a large open door here.
There is a large open door here.
There is an open door here.
You open the door.
A gnoll comes into view. It is wielding a spear.
The gnoll shouts!
There is an open door here.
A gnoll is nearby!
The gnoll hits you from afar with a spear.
The gnoll hits you from afar with a spear.
The gnoll hits you with a spear! The gnoll hits you but does no damage.
The gnoll hits you with a spear.
* * * LOW HITPOINT WARNING * * *
The gnoll hits you with a spear.
* * * LOW HITPOINT WARNING * * *
Sorry, you're not good enough to have a special ability.
Okay, then.
You scratch the gnoll but do no damage. The gnoll hits you with a spear.
You die...

#.## #.........# #.#.#
#..###..######.## #.#.#
................. #.#.#####
...............###### #.#......
#.#.#####...........# #.#.####.
#.#..# #...........# #.#.# #.
..##.# #...........# #.#.####.
####.## #...........# #........
...#..# #......g@...# ###.#####
##.##.# #...........# #...†....
#.##.###...........# #.#.##...
##'##..##...........# #.#.##†..
.......#####'######## #.#.##...
........# ##.####### #.#.##...
......#.# #......... #........
......#.###..############†####.#.
......#..##..#....##....#.# #...


You could see a gnoll.

Vanquished Creatures
  A leopard gecko (D:1)
  3 giant cockroaches (D:1)
  3 bats (D:1)
  3 frilled lizards (D:1)
  3 goblins (D:1)
  3 rats (D:1)
16 creatures vanquished.

Notes
Turn   | Place    | Note
-------+----------+-------------------------------------------
     0 | D:1      | Krilegs the Ghoul Monk began the quest for the Orb.
     0 | D:1      | Reached XP level 1. HP: 19/19 MP: 0/0
   324 | D:1      | Reached XP level 2. HP: 24/26 MP: 1/1
   763 | D:1      | Slain by a gnoll

Skill      XL: |  1  2 |
---------------+-------+-----
Dodging        | 3 |  3.0
Fighting       | |  3.4
Stealth        | |  2.3
Unarmed Combat | |  3.5

Action                   || total
-------------------------++-------
Melee: Unarmed           ||    50
Throw: Javelin           ||     4
  Eat: Chunk             ||     1
Armor: Ring mail         ||    14
       Robe              ||     1
       Scale mail        ||    13
Dodge: Dodged            ||    34
